Map: Data-C

Players

LiquidElazer (Elazer) - Winner!

  • Race: Zerg Zerg
  • League: Master
  • Spawn Location: 3:00

MaxPax

  • Race: Protoss Protoss
  • League: Grandmaster
  • Spawn Location: 9:00

VOD

Have the link to the VOD?

Description

Time

  • Played on: Oct. 19, 2022, 1:13 p.m.
  • Length: 11:25
Show
View Real Time Build Order
Export as new Build Order

LiquidElazer Zerg - Winner!

Build Orders: Hatch First 

Get SALT Encoding   

  12  0:00  Drone  
  13  0:12  Overlord  
  13  0:16  Drone  
  14  0:30  Drone x2  
  16  0:49  Hatchery  
  15  0:52  Drone  
  15  0:56  Drone  
  17  0:59  Drone  
  18  1:10  Extractor  
  17  1:14  Spawning Pool  
  17  1:17  Drone  
  17  1:21  Drone  
  18  1:28  Drone  
  19  1:39  Drone  
  20  1:49  Drone  
  21  2:00  Queen  
  21  2:01  Queen  
  25  2:02  Zergling x2  
  25  2:06  Overlord  
  26  2:12  Drone x2  
  26  2:13  Metabolic Boost  
  28  2:26  Drone x2  
  30  2:34  Hatchery  
  29  2:37  Drone  
  29  2:43  Queen  
  32  2:48  Drone  
  32  2:50  Overlord  
  33  2:54  Drone x2  
  33  2:56  Drone  
  36  3:07  Overlord  
  36  3:08  Queen  
  36  3:09  Drone  
  36  3:10  Drone  
  40  3:13  Drone  
  40  3:16  Drone  
  42  3:20  Queen  
  44  3:28  Spore Crawler  
  44  3:29  Drone  
  44  3:30  Drone x2  
  46  3:39  Drone  
  46  3:40  Overlord  
  47  3:42  Drone x3  
  47  3:47  Drone  
  47  3:49  Drone  
  47  3:50  Drone x3  
  47  3:51  Drone  
  47  3:55  Queen  
  52  3:56  Drone  
  52  4:01  Drone  
  56  4:04  Drone  
  56  4:05  Queen  
  59  4:13  Drone  
  59  4:14  Drone x3  
  59  4:16  Drone x2  
  62  4:20  Drone  
  62  4:22  Overlord  
  62  4:24  Drone x2  
  65  4:25  Drone  
  65  4:30  Overlord  
  66  4:41  Hatchery  
  66  4:42  Overlord  
  65  4:47  Overlord  
  65  4:48  Lair  
  65  4:49  Drone x4  
  65  4:52  Drone x3  
  72  4:53  Evolution Chamber  
  72  4:54  Drone  
  72  4:59  Drone x4  
  76  5:02  Drone  
  76  5:05  Zergling x8  
  81  5:11  Overlord  
  81  5:14  Queen, Extractor x2  
  80  5:15  Extractor  
  80  5:16  Overlord  
  80  5:21  Drone x7  
  87  5:23  Zerg Melee Weapons Level 1  
  87  5:25  Drone x2  
  87  5:26  Drone  
  90  5:31  Overlord  
  90  5:34  Zergling x4  
  92  5:40  Overlord  
  92  5:42  Zergling x4  
  94  5:47  Zergling x2, Hatchery  
  94  5:48  Overseer  
  94  5:53  Roach Warren  
  92  5:57  Zergling x24  
  92  6:03  Pneumatized Carapace  
  104  6:09  Zergling x8  
  109  6:18  Zergling x12  
  109  6:20  Overlord  
  112  6:27  Zergling x10  
  117  6:34  Roach x2  
  117  6:35  Drone x3  
  117  6:39  Hatchery  
  123  6:44  Zergling x2  
  123  6:45  Zergling x6  
  112  6:48  Zergling x12  
  112  6:51  Glial Reconstitution  
  117  6:56  Zergling x10  
  117  7:00  Overlord  
  122  7:03  Zergling x14  
  122  7:08  Zergling x2  
  125  7:09  Ravager x2  
  125  7:15  Roach x7  
  137  7:23  Zergling x16  
  137  7:28  Zerg Melee Weapons Level 2  
  142  7:30  Zergling x12  
  142  7:36  Overlord  
  147  7:42  Zergling x4  
  149  7:45  Overlord x3  
  149  7:52  Zergling x4  
  149  7:55  Drone x6  
  149  7:56  Drone x2  
  158  8:00  Zergling x14  
  158  8:02  Overlord  
  158  8:05  Spore Crawler  
  161  8:06  Roach  
  161  8:07  Roach x2  
  161  8:12  Baneling Nest  
  166  8:18  Roach x11  
  166  8:19  Overlord x2  
  186  8:29  Zergling x16  
  186  8:30  Zergling x2  
  194  8:53  Zergling x14  
  194  9:06  Baneling x4, Centrifugal Hooks  
  190  9:10  Zergling x12  
  190  9:11  Zergling x8  
  186  9:22  Drone x7  
  173  9:26  Baneling x6  
  173  9:28  Zergling x2  
  173  9:29  Zergling x36  
  180  9:39  Zergling x8  
  182  9:46  Zergling x16  
  182  9:48  Spine Crawler  
  182  9:50  Spine Crawler  
  182  9:51  Spine Crawler  
  183  9:55  Zergling x2  
  183  9:56  Zergling x12  
  188  10:10  Roach x7  
  188  10:12  Baneling x22  
  186  10:22  Zergling x30  
  197  10:33  Baneling x16  
  197  10:36  Baneling x18  
  197  10:37  Baneling x4  
Show
View Real Time Build Order
Export as new Build Order

MaxPax Protoss 

Build Orders: 1 Gate Expand, Oracle Opening 

Get SALT Encoding   

  12  0:00  Probe  
  13  0:12  Probe  
  14  0:19  Pylon  
  14  0:24  Probe  
  15  0:37  Probe (Chrono Boost)  
  15  0:39  Gateway  
  16  0:46  Probe (Chrono Boost)  
  16  0:47  Assimilator  
  17  0:51  Probe (Chrono Boost)  
  18  1:03  Probe  
  19  1:16  Probe  
  20  1:23  Nexus  
  20  1:33  Cybernetics Core  
  20  1:36  Probe  
  21  1:41  Assimilator  
  21  1:48  Probe  
  21  1:51  Pylon  
  22  2:00  Probe (Chrono Boost)  
  23  2:09  Adept  
  23  2:12  Probe (Chrono Boost)  
  23  2:13  Stargate  
  26  2:19  Probe (Chrono Boost)  
  26  2:21  Warp Gate  
  27  2:28  Probe (Chrono Boost)  
  28  2:34  Probe (Chrono Boost)  
  29  2:39  Adept  
  33  2:44  Probe x2 (Chrono Boost)  
  33  2:49  Probe (Chrono Boost)  
  33  2:51  Probe  
  35  2:53  Oracle (Chrono Boost)  
  38  3:01  Probe  
  38  3:03  Probe, Pylon  
  40  3:13  Probe  
  40  3:15  Probe  
  42  3:20  Oracle (Chrono Boost)  
  42  3:25  Probe  
  46  3:27  Probe  
  46  3:33  Nexus  
  47  3:37  Probe  
  47  3:39  Pylon  
  47  3:40  Probe  
  49  3:48  Oracle (Chrono Boost)  
  49  3:49  Probe  
  49  3:52  Probe  
  49  3:54  Assimilator  
  54  3:58  Assimilator  
  54  4:01  Probe  
  55  4:04  Probe  
  55  4:05  Pylon  
  55  4:08  Gateway  
  56  4:13  Probe  
  56  4:16  Probe  
  55  4:25  Probe  
  55  4:26  Twilight Council  
  55  4:29  Probe, Forge  
  55  4:30  Sentry  
  59  4:36  Gateway  
  59  4:37  Probe (Chrono Boost)  
  60  4:38  Gateway  
  60  4:41  Probe (Chrono Boost)  
  61  4:49  Gateway x2  
  61  4:50  Probe (Chrono Boost)  
  61  4:52  Probe (Chrono Boost)  
  64  4:54  Probe (Chrono Boost)  
  64  4:56  Sentry  
  64  4:59  Probe x2 (Chrono Boost)  
  68  5:00  Protoss Ground Weapons Level 1 (Chrono Boost), Probe (Chrono Boost), Blink (Chrono Boost)  
  68  5:04  Probe (Chrono Boost)  
  70  5:08  Probe  
  70  5:09  Probe  
  72  5:15  Pylon  
  72  5:16  Probe  
  72  5:18  Stalker  
  72  5:20  Probe  
  76  5:21  Probe  
  76  5:24  Stalker  
  76  5:28  Probe  
  80  5:29  Photon Cannon  
  80  5:31  Stalker  
  80  5:32  Probe  
  83  5:36  Stalker  
  83  5:37  Probe  
  86  5:47  Stalker x3  
  86  5:48  Probe  
  93  5:51  Shield Battery  
  93  5:54  Pylon  
  93  5:56  Pylon  
  93  6:04  Nexus  
  93  6:13  Stalker x4  
  101  6:19  Stalker, Pylon  
  101  6:20  Stalker  
  101  6:23  Probe  
  106  6:25  Probe  
  106  6:29  Photon Cannon  
  107  6:36  Stalker  
  109  6:44  Probe  
  98  6:49  Stalker x5  
  98  6:51  Protoss Ground Weapons Level 2 (Chrono Boost)  
  98  6:52  Probe  
  98  6:53  Gateway  
  109  6:55  Probe  
  109  6:57  Shield Battery  
  110  7:04  Stalker, Pylon  
  111  7:11  Probe  
  111  7:13  Charge (Chrono Boost), Stalker x3  
  117  7:18  Pylon  
  112  7:30  Probe x3  
  112  7:31  Probe  
  112  7:36  Stalker x3  
  122  7:37  Zealot x3  
  122  7:41  Gateway  
  122  7:42  Probe  
  122  7:44  Gateway  
  129  7:45  Gateway  
  129  7:48  Probe x2  
  129  7:49  Probe  
  129  7:51  Zealot, Oracle (Chrono Boost)  
  134  7:53  Pylon  
  134  7:54  Probe  
  138  8:00  Zealot x4, Probe  
  138  8:03  Pylon  
  141  8:06  Pylon  
  141  8:11  Probe x2  
  143  8:13  Zealot x2, Templar Archives  
  143  8:14  Assimilator  
  143  8:15  Assimilator  
  147  8:26  Pylon  
  146  8:27  Pylon  
  146  8:29  Zealot x5, Gateway  
  146  8:31  Probe  
  157  8:36  Shield Battery, Zealot x3  
  164  8:46  Assimilator x2  
  163  8:54  Zealot x4  
  171  8:59  Pylon  
  165  9:05  High Templar x4  
  167  9:11  Archon  
  167  9:12  Archon, High Templar x2  
  167  9:14  Probe  
  168  9:18  Archon  
  168  9:22  Zealot  
  168  9:23  Zealot x3  
  168  9:24  Nexus  
  168  9:27  Photon Cannon  
  162  9:34  Zealot  
  150  9:38  Zealot x4  
  150  9:39  Gateway  
  150  9:41  Probe  
  150  9:43  Zealot x4, Probe  
  162  9:55  High Templar x2  
  162  9:56  Probe  
  162  9:57  High Templar  
  162  9:59  High Templar x2  
  173  10:02  High Templar  
  173  10:03  Archon  
  173  10:05  Zealot x2  
  173  10:06  Archon  
  173  10:10  Pylon  
  173  10:13  Archon  
  145  10:20  Probe  
  145  10:21  Probe  
  130  10:24  Probe  
  130  10:27  High Templar x2  
  134  10:29  Probe, Pylon  
  134  10:31  Zealot x5  
  134  10:32  Probe  
  134  10:33  Probe  
  147  10:37  Archon, Probe x2  
  147  10:41  Probe  
  150  10:44  Probe  
  150  10:45  Probe, Pylon  
  150  10:48  High Templar x4  
  150  10:49  Probe x2  
  160  10:50  Photon Cannon  
  160  10:52  Shield Battery  
  160  10:53  Probe, Photon Cannon  
  160  10:54  Archon x2  
  160  10:56  Probe  
  162  10:57  Probe  
  162  10:58  Assimilator  
  162  11:00  Assimilator  
  115  11:14  Zealot x6  
Tags
 
Add a new tag
Caveats
  • Supply blocks, unpowered buildings, or Contaminate may cause inaccurate times.
  • Supply counts are checked every 10 seconds.